 Dungeon Crawl Stone Soup version 0.31-a0-188-g5e087ee2ca (webtiles) character file.

Game seed: 562840606225646747

22 lunkers the Shooter (level 3, 0/28 HPs)
             Began as a Meteoran Wanderer on June 23, 2023.
             Slain by an ogre
             ... wielding a +0 giant spiked club
              (10 damage)
             ... on level 2 of the Dungeon.
             The game lasted 00:01:13 (349 turns).

lunkers the Shooter (Meteoran Wanderer)              Turns: 349, Time: 00:01:13

Health: 0/28       AC:  3    Str: 19    XL:     3   Next: 23%
Magic:  8/8        EV: 12    Int: 13    God:
Gold:   47         SH:  0    Dex: 16    Spells: 6/7 levels left

rFire   . . .        a - +2 sling
rCold   . . .        (no shield)
rNeg    . . .        d - +0 robe
rPois   .            b - +0 helmet
rElec   .            (no cloak)
rCorr   .            (no gloves)
SInv    .            (no boots)
Will    .....        (no amulet)
Stlth   +            k - +6 ring of strength
HPRegen 0.24/turn    (no ring)
MPRegen 0.11/turn

%: no passive effects
@: glowing
A: sense surroundings 1, otherworldly, glowing, explore regen
a: no special abilities


You were on level 2 of the Dungeon.
You visited 1 branch of the dungeon, and saw 2 of its levels.

You collected 47 gold pieces.

Inventory:

Hand Weapons
 a - a +2 sling (weapon)
Armour
 b - a +0 helmet (worn)
 d - a +0 robe (worn)
Jewellery
 k - a +6 ring of strength (left hand)
Scrolls
 g - 2 scrolls of identify {unknown}
 i - a scroll of poison {unknown}
 j - a scroll of blinking {unknown}
Potions
 c - a potion of lignification
 e - a potion of heal wounds {unknown}
 f - 2 potions of attraction {unknown}
 h - 2 potions of berserk rage {unknown}


   Skills:
 - Level 1.1 Fighting
 + Level 5.3 Ranged Weapons
 - Level 1.2 Throwing
 - Level 1.2 Dodging
 - Level 2.6 Spellcasting
 - Level 1.2 Summonings


You had 6 spell levels left.
You knew the following spells:

 Your Spells              Type           Power      Damage    Failure   Level
p - Summon Small Mammal   Summ           16%        N/A       14%         1

Your spell library contained the following spells:

 Spells                   Type           Power      Damage    Failure   Level
 Magic Dart               Conj           4%         1d3       24%         1
 Cigotuvi's Dreadful Rot  Necr/Pois/Air  2%         N/A       34%         2
 Searing Ray              Conj           2%         2d4       34%         2
 Call Canine Familiar     Summ           4%         N/A       41%         3
 Ignite Poison            Fire/Tmut/Pois 1%         N/A       56%         3
 Fulminant Prism          Conj/Hex       0%         3d5       93%         4
 Freezing Cloud           Conj/Ice/Air   0%         6-21      100%        5


Dungeon Overview and Level Annotations

Branches:
Dungeon (2/15) Zot: 842

Altars:


Innate Abilities, Weirdness & Mutations

You passively map a small area around you.
You are easily found by Zot.
You glow in the dark.
You regain HP and MP as you explore.


Message History

The frilled lizard hisses angrily.
There is a stone staircase leading up here.
A frilled lizard is nearby!
You shoot a sling bullet.
The sling bullet hits the frilled lizard.
You kill the frilled lizard!
No target in view!
No target in view!
Found a ring mail.
Found a stone staircase leading down.
No target in view!
No target in view!
You see here a +0 ring mail.
An ogre comes into view. It is wielding a +0 giant spiked club.
The ogre shouts!
You shoot a sling bullet. The sling bullet hits the ogre!
The ogre is moderately wounded.
You shoot a sling bullet. The sling bullet hits the ogre.
The ogre is heavily wounded.
The ogre closely misses you.
You shoot a sling bullet. The sling bullet hits the ogre.
The ogre is severely wounded.
The ogre hits you with a +0 giant spiked club!!
Ouch! That really hurt!
* * * LOW HITPOINT WARNING * * *
Unknown command.
You are too injured to fight recklessly!
Fire: a) +2 sling
Press: ? - help, Shift-Dir - straight line, f/p - ogre
Aim: an ogre, wielding a +0 giant spiked club (severely wounded, 76% to hit)
You shoot a sling bullet. The sling bullet hits the ogre.
The ogre is almost dead.
Fire: a) +2 sling
Press: ? - help, Shift-Dir - straight line, f/p - ogre
Aim: an ogre, wielding a +0 giant spiked club (almost dead, 76% to hit)
You shoot a sling bullet.
The sling bullet hits the ogre but does no damage.
The ogre is almost dead.
The ogre hits you with a +0 giant spiked club!
You die...

, #.. * #....
*#.# * #....
#.# , * ....,,,
#.#* * ...,
*#.# .. ,, #<#
#.#####.#
######O#.[...#
.......@..##.#
###..#.....#.#
, ,* *
#........#.#
............#**
*
..#.....#.####
, , , #
#.>#.##.# , *
,...... ..# , *
####.. ### , ,
* , , ,


You could see an ogre.

Vanquished Creatures
  A ball python (D:1)
  2 endoplasms (D:1)
  A giant cockroach (D:1)
  4 goblins (D:1)
  2 hobgoblins (D:1)
  2 kobolds (D:1)
  A quokka (D:1)
  3 bats (D:1)
  3 frilled lizards
  A rat (D:1)
20 creatures vanquished.

Vanquished Creatures (others)
  2 ghouls (D:1)
  A demonspawn (D:1)
  3 octopodes (D:1)
  A vine stalker (D:1)
  A merfolk (D:1)
  A vampire (D:1)
  A spriggan (D:1)
  A human (D:1)
  A demigod (D:1)
  2 nagas (D:1)
  A gnoll (D:1)
  5 tentacles (D:1)
20 creatures vanquished.

Grand Total: 40 creatures vanquished

Notes
Turn   | Place    | Note
-------+----------+-------------------------------------------
     0 | D:1      | lunkers the Meteoran Wanderer began the quest for the Orb.
     0 | D:1      | lunkers set off with the following items: a +2 sling, a +0
                  | helmet, a potion of lignification, a +0 robe; and the
                  | following spell memorised: Summon Small Mammal; and the
                  | following spells available to memorise: Call Canine
                  | Familiar.
     0 | D:1      | Reached XP level 1. HP: 16/16 MP: 5/5
     2 | D:1      | Noticed an octopode
     2 | D:1      | Noticed a vine stalker
     2 | D:1      | Noticed a human
     2 | D:1      | Noticed a naga
     2 | D:1      | Noticed a merfolk
     2 | D:1      | Noticed a ghoul
     2 | D:1      | Noticed a kraken
     2 | D:1      | Noticed an octopode
     2 | D:1      | Noticed a demigod
     2 | D:1      | Noticed a vampire
     2 | D:1      | Noticed an octopode
     2 | D:1      | Noticed a naga
     2 | D:1      | Noticed a ghoul
     2 | D:1      | Noticed a spriggan
     2 | D:1      | Noticed a demonspawn
     3 | D:1      | Killed an octopode
     7 | D:1      | Killed a merfolk
     7 | D:1      | Killed a naga
     9 | D:1      | Killed a vampire
     9 | D:1      | Killed a demigod
    11 | D:1      | Killed a vine stalker
    12 | D:1      | Killed a human
    12 | D:1      | Killed an octopode
    14 | D:1      | Killed an octopode
    14 | D:1      | Killed a ghoul
    15 | D:1      | Killed a naga
    15 | D:1      | Killed a spriggan
    18 | D:1      | Killed a ghoul
    19 | D:1      | Killed a demonspawn
    30 | D:1      | Reached XP level 2. HP: 23/23 MP: 6/6
    70 | D:1      | Reached skill level 5 in Ranged Weapons
   168 | D:1      | Reached XP level 3. HP: 28/28 MP: 8/8
   311 | D:1      | Found a faded altar of an unknown god.
   344 | D:2      | Noticed an ogre
   349 | D:2      | Slain by an ogre

Illustrated notes

Levels and vault maps discovered:
D:1:      nicolae_arrival_kraken_aquarium_b, layout_rooms,
          shapermc_ecumenical_altar_venn, roderic_roman_lattice, minivault_25,
          minmay_tetromino_l2
D:2:      layout_loops_cross

Skill      XL: |  1  2 |
---------------+-------+-----
Ranged Weapons | 5 |  5.3
Fighting       | |  1.1
Throwing       | |  1.2
Dodging        | |  1.2
Spellcasting   | |  2.6
Summonings     | |  1.2

Action                     || total
---------------------------++-------
   Fire: Sling             ||    52
 Armour: Robe              ||     3
  Dodge: Dodged            ||     3

Table legend: (Time is in decaauts)
 A = Elapsed time spent in this place.
 B = Non-inter-level travel time spent in this place.
 C = Inter-level travel time spent in this place.
 D = Time resting spent in this place.
 E = Time spent auto-exploring this place.
 F = Levels seen in this place.
 G = Mean time per level.
                   A        B        C        D        E       F      G
               +--------+--------+--------+--------+--------+-----+--------+
         Total |    356 |    356 |      0 |      0 |    252 |   2 |  178.0 |
       Dungeon |    356 |    356 |      0 |      0 |    252 |   2 |  178.0 |
               +--------+--------+--------+--------+--------+-----+--------+

Top non-repeatable levels by time:
     D:1: 341 daAuts
     D:2: 14 daAuts
